 Dungeon Crawl Stone Soup version 0.18-a0-1311-g779ca93 (webtiles) character file.

140 namelastname112 the Ruffian (level 5, -2/49 HPs)
             Began as a Naga Monk on Feb 13, 2016.
             Killed from afar by an orc wizard (10 damage)
             ... with a puff of flame
             ... on level 3 of the Dungeon.
             The game lasted 00:04:25 (2813 turns).

namelastname112 the Ruffian (Naga Monk)             Turns: 2813, Time: 00:04:26

Health: -2/49      AC:  4    Str: 19    XL:     5   Next: 23%
Magic:  5/5        EV: 10    Int: 11    God:
Gold:   86         SH:  0    Dex: 13    Spells: 0 memorised, 4 levels left

rFire  . . .     SeeInvis +       - Unarmed
rCold  . . .     Gourm    .     j - +0 leather armour (curse)
rNeg   . . .     Faith    .     (no shield)
rPois  +         Spirit   .     (no helmet)
rElec  .         Dismiss  .     (no cloak)
rCorr  .         Reflect  .     o - +0 pair of gloves
SustAt .         Harm     .     (no barding)
MR     .....                    (no amulet)
Stlth  ++........               (no ring)
                                (no ring)

@: mighty, very slow, not resistant to hostile enchantments, unstealthy
A: see invisible, deformed body, poison resistance, slowness 2, slow metabolism
1, spit poison 2, AC +1
a: Spit Poison


You were on level 3 of the Dungeon.
You were not hungry.

You visited 1 branch of the dungeon, and saw 3 of its levels.

You collected 86 gold pieces.

Inventory:

Armour
 j - a cursed +0 leather armour (worn)
 o - a +0 pair of gloves (worn)
Scrolls
 a - a scroll of random uselessness {unknown}
 c - 2 scrolls of amnesia {unknown}
 f - 8 scrolls of identify {unknown}
 k - a scroll of enchant weapon {unknown}
 l - a scroll of enchant armour {unknown}
Potions
 e - a potion of heal wounds {unknown}
 g - 2 potions of haste {unknown}
 h - a potion of degeneration {unknown}
 i - a potion of brilliance {unknown}
Comestibles
 b - 3 bread rations
 m - a beef jerky


   Skills:
 - Level 3.0 Fighting
 - Level 2.4 Dodging
 - Level 3.0 Stealth
 + Level 6.3 Unarmed Combat


You had 4 spell levels left.
You didn't know any spells.

Dungeon Overview and Level Annotations

Branches:
Dungeon (3/15)

Altars:
Sif Muna


Innate Abilities, Weirdness & Mutations

You cannot wear boots.
Your serpentine skin is tough (AC +1).
You have supernaturally acute eyesight.
Armour fits poorly on your strangely shaped body.
Your system is resistant to poisons.
You cover ground very slowly.
You have a slow metabolism.
You can spit poison.


Message History

Drink which item? (? for menu, Esc to quit)
It was a potion of might.
You feel very mighty all of a sudden.
The orc priest miscasts a cantrip.
You punch the orc priest!
You kill the orc priest!
You have reached level 5!
The orc hits you with a club.
* * * LOW HITPOINT WARNING * * *
Unknown command.
You barely miss the orc. The orc closely misses you.
You closely miss the orc.
You have got your breath back.
The orc hits you with a club.
* * * LOW HITPOINT WARNING * * *
Unknown command.
You closely miss the orc wizard. Your punch misses the orc wizard.
The orc wizard gestures at you while chanting.
The puff of flame hits you!
You die...

### ... #.. ###.######
.#........########
..................
.#...[....########
#.....o@.######
#....Ko...#...#
#...........#.##########
o..†##########...........
.... #........... ...
#.####....P. .. #.#
#...### #.# #...# #.#
##..#


You could see an orc wizard, an orc and a kobold.

Vanquished Creatures
  An orc priest (D:3)
  5 adders
  2 worms (D:2)
  A giant gecko (D:1)
  3 orcs (D:3)
  5 ball pythons
  A giant cockroach (D:1)
  11 goblins
  4 hobgoblins
  6 jackals
  4 kobolds
  6 bats
  5 giant newts
  3 rats
57 creatures vanquished.

Notes
Turn   | Place    | Note
--------------------------------------------------------------
     0 | D:1      | namelastname112 the Naga Monk began the quest for the Orb.
     0 | D:1      | Reached XP level 1. HP: 21/21 MP: 1/1
   112 | D:1      | Reached XP level 2. HP: 14/28 MP: 2/2
   932 | D:1      | Reached XP level 3. HP: 30/34 MP: 3/3
   989 | D:2      | Reached skill level 5 in Unarmed Combat
  1311 | D:2      | Found a deep blue altar of Sif Muna.
  1894 | D:2      | Reached XP level 4. HP: 21/42 MP: 4/4
  2796 | D:3      | Reached skill level 6 in Unarmed Combat
  2810 | D:3      | Reached XP level 5. HP: 12/49 MP: 5/5
  2813 | D:3      | Killed from afar by an orc wizard

Vault maps used:
D:1:      sevenhm_arrival_forest_fort_small_6, minmay_strange_pillars
D:2:      overflow_temple_1_default, first_bread
D:3:      corexii_shack_village, minitemple

Action                   |  1- 3 |  4- 6 || total
-------------------------+-------+-------++-------
Melee: Unarmed           |   111 |    54 ||   165
 Abil: Spit Poison       |    20 |     8 ||    28
  Use: Potion            |       |     1 ||     1
 Stab: Sleeping          |     2 |     6 ||     8
  Eat: Chunk             |     3 |     3 ||     6
